 Dungeon Crawl Stone Soup version 0.30-a0-149-g7f746667c4 (webtiles) character file.

Game seed: 15165756423785286202

147 LnG the Sneak (level 5, -3/42 HPs)
             Began as a Kobold Summoner on Sept 26, 2022.
             Slain by an orc
             ... wielding a +0 hand axe
              (4 damage)
             ... on level 4 of the Dungeon.
             The game lasted 00:08:53 (3042 turns).

LnG the Sneak (Kobold Summoner)                     Turns: 3042, Time: 00:08:54

Health: -3/42      AC:  3    Str:  5    XL:     5   Next: 55%
Magic:  9/9        EV: 15    Int: 18    God:
Gold:   50         SH:  0    Dex: 16    Spells: 3/9 levels left

rFire   . . .      SeeInvis .    g - +0 dagger (venom)
rCold   . . .      Faith    .    (no shield)
rNeg    . . .      Spirit   .    a - +0 robe
rPois   .          Reflect  .    k - +0 helmet
rElec   .          Harm     .    (no cloak)
rCorr   .          Rampage  .    (no gloves)
Will    .....                    (no boots)
Stlth   ..........               (no amulet)
HPRegen 0.14/turn                (no ring)
MPRegen 0.11/turn                (no ring)

@: mighty, berserking (expiring), very quick
A: small, no large weapons, nightstalker 3
a: no special abilities


You were on level 4 of the Dungeon.
You visited 1 branch of the dungeon, and saw 4 of its levels.

You collected 50 gold pieces.

Inventory:

Hand Weapons
 g - a +0 dagger of venom (weapon)
Armour
 a - a +0 robe (worn)
 k - a +0 helmet (worn)
Scrolls
 d - a scroll of poison {unknown}
 i - a scroll of magic mapping {unknown}
 j - a scroll of identify {unknown}
Potions
 b - a potion of magic
 c - 2 potions of might
 h - 2 potions of curing {unknown}


   Skills:
 + Level 0.5 Fighting
 + Level 1.8 Short Blades
 + Level 3.0 Dodging
 * Level 4.8 Stealth
 + Level 2.9 Spellcasting
 * Level 4.7 Summonings


You had 3 spell levels left.
You knew the following spells:

 Your Spells              Type           Power      Damage    Failure   Level
a - Summon Small Mammal   Summ           76%        N/A       2%          1
b - Call Imp              Summ           19%        N/A       3%          2
c - Call Canine Familiar  Summ           19%        N/A       7%          3

Your spell library contained the following spells:

 Spells                   Type           Power      Damage    Failure   Level
 Summon Guardian Golem    Hex/Summ       11%        N/A       19%         3
 Summon Lightning Spire   Summ/Air       11%        N/A       52%         4


Dungeon Overview and Level Annotations

Branches:
Dungeon (3/15)

Altars:

Shops:
D:2 *(=[


Innate Abilities, Weirdness & Mutations

You are small and have problems with some larger weapons.
You are completely attuned to the shadows.


Message History

The endoplasm hits you but does no damage.
A dart slug comes into view.
The orc misses you.
Your hound bites the scorpion.
You are too berserk!
You puncture the endoplasm!
You kill the endoplasm!
You feel sick.
Your hound barely misses the scorpion.
The scorpion misses you.
You feel sick. The orc hits you with a +0 trident.
* * * LOW HITPOINT WARNING * * *
The orc barely misses you.
Your crimson imp hits the scorpion but does no damage.
Your hound bites the scorpion.
You puncture the scorpion!
The scorpion looks as sick as possible!
The scorpion is severely wounded.
You kill the scorpion!
The orc hits you with a +0 trident.
* * * LOW HITPOINT WARNING * * *
The orc hits you with a +0 hand axe.
* * * LOW HITPOINT WARNING * * *
Your Dodging skill increases to level 3!
You have reached level 5!
You feel agile.
Are you sure you want to stumble around while confused and next to your crimson imp?
Okay, then.
You feel sick.
You feel a strong urge to attack something.
You feel less invigorated.
You feel less confused.
You feel sick.
You are no longer poisoned.
The orc hits you with a +0 trident.
* * * LOW HITPOINT WARNING * * *
The orc closely misses you. The orc closely misses your hound.
Your crimson imp blinks!
Your hound closely misses the orc.
You puncture the orc!
You kill the orc!
Your crimson imp blinks!
The orc hits you with a +0 hand axe.
You die...

.............
##.....##.....
#.............
#......#...)..
###5...>.##.##.#
...))...###.# ##
#.§.)).... ..
....)..##..
....)@)# #.
....§ho.#
...<...w..
.#.......
#.......


You could see a dart slug, an orc (ally target), a friendly hound (summoned) and
a friendly crimson imp (summoned).

Vanquished Creatures
  A scorpion (D:4)
  2 adders
  A worm (D:2)
  4 orcs (D:4)
  2 ball pythons
  3 bats
  4 endoplasms
  2 giant cockroaches (D:1)
  3 hobgoblins
  A quokka (D:2)
  A ball python zombie (D:2)
  4 frilled lizards
  7 goblins
  3 kobolds
  2 rats (D:2)
40 creatures vanquished.

Vanquished Creatures (collateral kills)
  A dart slug (D:2)
  4 orcs (D:4)
  An endoplasm (D:1)
  A goblin (D:2)
  3 hobgoblins
  A quokka (D:2)
  A bat (D:1)
  A jackal skeleton (D:2)
  A kobold (D:2)
  A rat (D:1)
15 creatures vanquished.

Grand Total: 55 creatures vanquished

Notes
Turn   | Place    | Note
-------+----------+-------------------------------------------
     0 | D:1      | LnG the Kobold Summoner began the quest for the Orb.
     0 | D:1      | Reached XP level 1. HP: 10/10 MP: 3/3
   408 | D:1      | Reached XP level 2. HP: 15/15 MP: 5/5
   411 | D:1      | Learned a level 2 spell: Call Imp
   531 | D:1      | Found a faded altar of an unknown god.
  1314 | D:2      | Found Cerokek's Assorted Antiques.
  1515 | D:2      | Found Wufap's Weapon Emporium.
  1574 | D:2      | Reached XP level 3. HP: 3/19 MP: 3/6
  2043 | D:2      | Learned a level 3 spell: Call Canine Familiar
  2094 | D:2      | Found Xaaly's Jewellery Shop.
  2502 | D:2      | Found Omugoroo's Antique Armour Shop.
  2831 | D:3      | Reached XP level 4. HP: 24/24 MP: 6/8
  2909 | D:3      | You fall into a shaft and drop 1 floor!
  3018 | D:4      | Reached skill level 1 in Short Blades
  3028 | D:4      | Noticed a scorpion
  3039 | D:4      | Killed a scorpion
  3040 | D:4      | Reached XP level 5. HP: 2/28 MP: 9/9
  3041 | D:4      | HP: 1/42 [orc/+0 trident (5)]
  3042 | D:4      | Slain by an orc

Illustrated notes

Levels and vault maps discovered:
D:1:      nicolae_arrival_somewhat_less_tricky_arrival, layout_loops_ring,
          chequers_ecumenical_altar_simple, minmay_ruptured
D:2:      layout_basic, serial_undead, serial_undead_e, serial_undead_a,
          serial_undead_e, serial_undead_c, serial_shops, shop, shop,
          nicolae_shop_overgrown_old_shop, shop_statue, nrook_campfire,
          minmay_pentomino_z2
D:3:      layout_loops_ring, nzn_wu_jian_council_hall,
          nicolae_overflow_crystal_walls, mainiacjoe_overflow_alcove_1,
          nicolae_overflow_ecumenical_swirl, chequers_serial_rivers_room_b,
          kennysheep_generic_room_6
D:4:      layout_cave_pools, minmay_overflow_temple_star_quad

Skill      XL: |  1  2  3  4 |
---------------+-------------+-----
Stealth        | 3 4 |  4.8
Short Blades   | 1 |  1.8
Dodging        | 3 |  3.0
Fighting       | |  0.5
Spellcasting   | |  2.9
Summonings     | |  4.7

Action                   |  1- 3 |  4- 6 || total
-------------------------+-------+-------++-------
Melee: Dagger            |    80 |    32 ||   112
       Punch             |     2 |       ||     2
 Cast: Summon Small Mamm |    11 |     2 ||    13
       Call Imp          |     8 |     1 ||     9
       Call Canine Famil |     1 |     1 ||     2
  Use: Scroll            |     2 |       ||     2
       Potion            |       |     3 ||     3
 Stab: Sleeping          |    13 |     2 ||    15
       Distracted        |     2 |     1 ||     3
Armor: Robe              |     6 |    11 ||    17
Dodge: Dodged            |    42 |    40 ||    82

Table legend: (Time is in decaauts)
 A = Elapsed time spent in this place.
 B = Non-inter-level travel time spent in this place.
 C = Inter-level travel time spent in this place.
 D = Time resting spent in this place.
 E = Time spent auto-exploring this place.
 F = Levels seen in this place.
 G = Mean time per level.
                   A        B        C        D        E       F      G
               +--------+--------+--------+--------+--------+-----+--------+
         Total |   3036 |   2922 |    114 |    664 |   1798 |   4 |  759.0 |
       Dungeon |   3036 |   2922 |    114 |    664 |   1798 |   4 |  759.0 |
               +--------+--------+--------+--------+--------+-----+--------+

Top non-repeatable levels by time:
     D:2: 1457 daAuts
     D:1: 1290 daAuts
     D:3: 158 daAuts
     D:4: 130 daAuts
